 Dungeon Crawl Stone Soup version 0.25.0-46-gbd7b0854d2 (webtiles) character file.

Game seed: 5455529895820069614

59 Jimbable the Poker (level 4, 0/51 HPs)
             Began as a Merfolk Gladiator on July 15, 2020.
             Slain by an adder (2 damage)
             ... on level 2 of the Dungeon.
             The game lasted 00:02:03 (1113 turns).

Jimbable the Poker (Merfolk Gladiator)              Turns: 1113, Time: 00:02:04

Health: 0/51       AC: 22    Str: 14 (15) XL:     4   Next: 3%
Magic:  4/4        EV:  2    Int:  4 (7)  God:
Gold:   55         SH:  0    Dex: 12 (15) Spells: 3/3 levels left

rFire    . . .     SeeInvis .   a - +0 trident
rCold    . . .     Gourm    .   (no shield)
rNeg     + + +     Faith    .   (armour currently unavailable)
rPois    +         Spirit   .   (helmet currently unavailable)
rElec    .         Reflect  .   (cloak currently unavailable)
rCorr    .         Harm     .   (gloves currently unavailable)
MR       .....     NoTele   +   (boots currently unavailable)
Stlth    +.........             (no amulet)
HPRegen  0.17/turn              (no ring)
MPRegen  0.09/turn              (no ring)

@: lethally poisoned (0 -> -1), tree-form
A: (change form in water), (swift swim), (stealthy swim)
a: no special abilities


You were on level 2 of the Dungeon.
You were not hungry.
You were a tree.
You visited 1 branch of the dungeon, and saw 2 of its levels.

You collected 55 gold pieces.

Inventory:

Hand Weapons
 a - a +0 trident (weapon)
Missiles
 d - 3 throwing nets (quivered)
 p - 8 boomerangs
Armour
 b - a +0 leather armour
 c - a +0 helmet (melded)
 j - a +0 scale mail of cold resistance (melded)
Jewellery
 k - an uncursed ring of stealth {unknown}
Scrolls
 e - a scroll of enchant armour {unknown}
 g - a scroll of random uselessness {unknown}
 i - 4 scrolls of identify {unknown}
 l - 2 scrolls of magic mapping {unknown}
 o - a scroll of fear {unknown}
Comestibles
 f - 4 rations
 h - 6 chunks of flesh


   Skills:
 + Level 2.5 Fighting
 + Level 5.5 Polearms
 + Level 2.2 Throwing
 + Level 0.6 Armour
 + Level 4.8 Dodging


You had 3 spell levels left.
You didn't know any spells.
Your spell library was empty.

Dungeon Overview and Level Annotations

Branches:
Dungeon (2/15)

Altars:
Fedhas


Message History

The bat completely misses you. The bat barely misses you. The adder misses you.
* * * LOW HITPOINT WARNING * * *
You feel sick.
It was a potion of degeneration.
There was something very wrong with that liquid.
You feel weakened.
You feel dopey.
You feel clumsy. The adder misses you.
It was a potion of lignification.
You turn into a tree.
Your +0 helmet melds into your body.
Your +0 scale mail of cold resistance melds into your body.
You feel less resistant to cold.
Your roots penetrate the ground.
The adder bites you but does no damage.
You closely miss the adder. The adder bites you but does no damage.
The adder barely misses you.
You barely miss the adder.
You feel sick. The adder bites you but does no damage.
You barely miss the adder. The bat completely misses you.
The adder bites you but does no damage. The adder bites you.
You die...

.. #.# ####### #.# ###
##.....# #.# ..# #...≈..#
#.#
#.###.≈≈≈≈.######.#####
.....≈≈_≈≈(..)........#
.....≈≈.≈.......♣..##.#
............#####Sb# .#
.....###..#.##...w.#.#
..........#.#.b##...###.
#.####.#≈≈≈.≈w≈./....≈≈≈.
..# #....≈≈≈≈≈≈≈≈≈≈≈.≈≈≈≈
### #..#≈≈♣♣♣≈≈≈♣♣♣≈≈≈♣♣♣
#..#≈≈♣ ♣≈.≈♣ ≈.≈♣
#.?..≈♣♣♣≈.≈♣♣♣≈≈≈♣


You could see a worm, an adder and a bat.

Vanquished Creatures
  2 adders (D:2)
  2 worms (D:2)
  2 leopard geckos
  3 bats (D:1)
  3 giant cockroaches
  2 goblins (D:1)
  2 hobgoblins
  6 jackals (D:1)
  5 kobolds
  2 frilled lizards
  3 rats
32 creatures vanquished.

Notes
Turn   | Place    | Note
-------+----------+-------------------------------------------
     0 | D:1      | Jimbable the Merfolk Gladiator began the quest for the Orb.
     0 | D:1      | Reached XP level 1. HP: 16/16 MP: 1/1
   177 | D:1      | Reached XP level 2. HP: 22/22 MP: 2/2
   368 | D:1      | Reached skill level 5 in Polearms
   426 | D:1      | Reached XP level 3. HP: 27/27 MP: 3/3
  1053 | D:2      | Found a blossoming altar of Fedhas.
  1068 | D:2      | Reached XP level 4. HP: 34/34 MP: 4/4
  1108 | D:2      | HP: 1/34 [poisoned by an adder]
  1113 | D:2      | Slain by an adder

Illustrated notes

Levels and vault maps discovered:
D:1:      lemuel_arrival_muddy, layout_basic
D:2:      layout_loops_ring, fedhas_altar_2, nicolae_overflow_hidden_temple,
          kennysheep_boxes

Skill      XL: |  1  2 |
---------------+-------+-----
Polearms       | 5 |  5.5
Fighting       | |  2.5
Throwing       | |  2.2
Armour         | |  0.6
Dodging        | |  4.8

Action                   |  1- 3 |  4- 6 || total
-------------------------+-------+-------++-------
Melee: Trident           |    96 |    11 ||   107
  Use: Potion            |       |     2 ||     2
  Eat: Chunk             |     1 |       ||     1
Armor: Leather armour    |     3 |       ||     3
       Scale mail        |    17 |    12 ||    29
       Skin              |       |     4 ||     4
Dodge: Dodged            |    63 |    12 ||    75
